 Dungeon Crawl Stone Soup version 0.27.1 (webtiles) character file.

Game seed: 6420318156435961510

2274 Kinoniko the Carver (level 9, -5/85 (94) HPs)
             Began as a Demonspawn Berserker on Sept 2, 2021.
             Was an Elder of Trog.
             Slain by a wight (6 damage)
             ... on level 7 of the Dungeon.
             The game lasted 00:05:40 (6048 turns).

Kinoniko the Carver (Demonspawn Berserker)          Turns: 6048, Time: 00:05:41

HP:   -5/85 (94)    AC:  7    Str: 24    XL:     9   Next: 16%
MP:   9/9           EV: 16    Int:  8    God:    Trog [****..]
Gold: 221           SH:  0    Dex: 16    Spells: 8/8 levels left

rFire    + . .     SeeInvis .   a - +0 falchion (elec)
rCold    . . .     Faith    .   (no shield)
rNeg     . . .     Spirit   .   g - +0 scale mail
rPois    .         Reflect  .   (helmet restricted)
rElec    .         Harm     .   (no cloak)
rCorr    .         Rampage  .   (no gloves)
Will     .....                  o - +0 pair of boots
Stlth    ..........             h - amulet of regeneration
HPRegen  2.24/turn              c - +6 ring of strength
MPRegen  0.11/turn              m - ring of protection from fire

@: berserking, drained, very quick
A: antennae 2, repulsion field 2, powered by death 1, demonic magic 1
a: Renounce Religion, Berserk, Trog's Hand, Brothers in Arms


You were on level 7 of the Dungeon.
You worshipped Trog.
Trog was greatly pleased with you.
You visited 1 branch of the dungeon, and saw 7 of its levels.

You collected 221 gold pieces.

Inventory:

Hand Weapons
 a - a +0 falchion of electrocution (weapon)
 f - a +1 long sword of freezing
Armour
 g - a +0 scale mail (worn)
 o - a +0 pair of boots (worn)
Jewellery
 c - a +6 ring of strength (left hand)
 h - an amulet of regeneration (around neck)
 m - a ring of protection from fire (right hand)
Wands
 b - a wand of iceblast (8)
 u - a wand of paralysis (10)
Scrolls
 e - 2 scrolls of blinking
 i - 5 scrolls of teleportation
 r - a scroll of enchant armour
Potions
 d - a potion of flight {unknown}
 j - a potion of brilliance {unknown}
 k - a potion of curing {unknown}
 l - a potion of mutation {unknown}
 n - a potion of magic {unknown}
 p - a potion of attraction {unknown}
 q - a potion of lignification {unknown}
 s - 3 potions of heal wounds


   Skills:
 - Level 3.0 Fighting
 * Level 9.6 Long Blades
 - Level 1.7 Armour
 + Level 6.6 Dodging


You had 8 spell levels left.
You didn't know any spells.
Your spell library was empty.

Dungeon Overview and Level Annotations

Branches:
Dungeon (7/15)
 Temple: D:4-7

Altars:
Cheibriados
Fedhas
Hepliaklqana
The Shining One

Annotations:
D:4 3 runed translucent doors, Rrauwl's ghost, novice GrFi; YellowTheWhite's ghost, amateur DgFi; flestrin's ghost, amateur DsTm; savi's ghost, novice TrHu


Innate Abilities, Weirdness & Mutations

You have a pair of antennae on your head.
You are surrounded by a moderate repulsion field. (EV +3)
You regenerate a little health from kills.
Spells you cast may paralyse adjacent enemies.


Message History

Things that are here:
a +4 battleaxe; a +0 robe
Things that are here:
a +0 mace; a +0 robe
Things that are here:
a +0 mace; a +0 robe You hit the wight but do no damage.
The wight completely misses you.
You riposte.
You slash the wight!
The wight is heavily damaged.
You barely miss the wight.
The wight is heavily damaged.
The wight hits you with a +1 falchion!
You feel drained.
You closely miss the wight.
The wight is heavily damaged.
The wight hits you with a +1 falchion!
You feel drained.
You hit the wight.
The wight is severely damaged.
The wight misses you.
You riposte.
You hit the wight. Lightning courses through the wight!
You destroy the wight!
Trog accepts your kill.
The wight hits you with a +3 great sword of freezing!
The wight freezes you.
Items here: )) [[.
You closely miss the wight. You hit the wight but do no damage.
The wight hits you with a +3 great sword of freezing!
* * * LOW HITPOINT WARNING * * *
You feel drained.
* * * LOW HITPOINT WARNING * * *
The wight freezes you.
* * * LOW HITPOINT WARNING * * *
A red film seems to cover your vision as you go berserk!
You feel yourself moving faster!
You feel mighty!
The wight hits you with a +3 great sword of freezing!
* * * LOW HITPOINT WARNING * * *
You feel drained.
* * * LOW HITPOINT WARNING * * *
The wight freezes you.
You die...

###
#.################
#.................
#.################
#)# #@# #z#
#######.#############
.....................
########..###........
#.............
#...##........
........##........
........##########


You could see a wight.

Vanquished Creatures
  A wraith (D:5)
  2 orc warriors
  A hornet zombie (D:7)
  2 ice beasts (D:6)
  2 ogres
  Blork the orc (D:5)
  A bullfrog (D:6)
  A kobold brigand (D:7)
  A wyvern zombie (D:6)
  2 scorpions (D:5)
  2 howler monkeys (D:4)
  3 wights (D:7)
  A centaur zombie (D:6)
  3 bullfrog zombies
  8 hounds
  2 gnoll shamans (D:6)
  A jelly (D:4)
  3 iguanas
  4 orc wizards
  A hound skeleton (D:4)
  5 gnolls (D:6)
  7 adders
  2 shadow imps
  4 white imps
  2 ufetubi
  An adder skeleton (D:5)
  3 worms
  3 dart slugs
  18 orcs
  8 ball pythons
  5 bats
  5 endoplasms
  4 giant cockroaches
  7 goblins
  5 hobgoblins
  4 jackals (D:1)
  10 kobolds
  7 quokkas
  A frilled lizard (D:3)
  4 rats
147 creatures vanquished.

Vanquished Creatures (others)
  4 plants (D:5)
4 creatures vanquished.

Grand Total: 151 creatures vanquished

Notes
Turn   | Place    | Note
-------+----------+-------------------------------------------
     0 | D:1      | Kinoniko the Demonspawn Berserker began the quest for the
                  | Orb.
     0 | D:1      | Reached XP level 1. HP: 18/18 MP: 1/1
   399 | D:1      | Reached skill level 3 in Long Blades
   465 | D:1      | Gained mutation: You are surrounded by a mild repulsion
                  | field. (EV +2) [demonic ancestry]
   465 | D:1      | Reached XP level 2. HP: 18/24 MP: 2/2
  1072 | D:1      | Reached XP level 3. HP: 29/29 MP: 3/3
  1943 | D:2      | Reached ** piety under Trog
  2749 | D:3      | Reached skill level 4 in Long Blades
  2762 | D:3      | Gained mutation: You are surrounded by a moderate repulsion
                  | field. (EV +3) [demonic ancestry]
  2762 | D:3      | Reached XP level 4. HP: 35/35 MP: 4/4
  2832 | D:3      | Found a snail-covered altar of Cheibriados.
  3192 | D:3      | Gained mutation: You have a pair of small antennae on your
                  | head. [demonic ancestry]
  3192 | D:3      | Reached XP level 5. HP: 27/41 MP: 5/5
  3539 | D:4      | Reached skill level 5 in Long Blades
  3565 | D:4      | Found a runed translucent gate.
  3565 | D:4      | Found a runed translucent gate.
  3565 | D:4      | Found a runed translucent gate.
  3565 | D:4      | Noticed flestrin's ghost (amateur DsTm)
  3566 | D:4      | Noticed YellowTheWhite's ghost (amateur DgFi)
  3566 | D:4      | Noticed Rrauwl's ghost (novice GrFi)
  3566 | D:4      | Noticed savi's ghost (novice TrHu)
  3630 | D:4      | Gained mutation: You have a pair of antennae on your head.
                  | [demonic ancestry]
  3630 | D:4      | Reached XP level 6. HP: 47/47 MP: 6/6
  3728 | D:4      | Reached *** piety under Trog
  3936 | D:4      | Found a hazy altar of Hepliaklqana.
  4084 | D:5      | Entered Level 5 of the Dungeon
  4140 | D:5      | Reached skill level 6 in Long Blades
  4152 | D:5      | Noticed Blork the orc
  4160 | D:5      | Killed Blork the orc
  4161 | D:5      | Gained mutation: Spells you cast may paralyse adjacent
                  | enemies. [demonic ancestry]
  4161 | D:5      | Reached XP level 7. HP: 52/52 MP: 7/7
  4533 | D:5      | Found a blossoming altar of Fedhas.
  4631 | D:5      | Noticed a wraith
  4647 | D:5      | Killed a wraith
  4648 | D:5      | Reached skill level 7 in Long Blades
  4741 | D:5      | Reached skill level 5 in Dodging
  4748 | D:5      | Gained mutation: You regenerate a little health from kills.
                  | [demonic ancestry]
  4748 | D:5      | Reached XP level 8. HP: 53/58 MP: 8/8
  4980 | D:6      | Reached skill level 8 in Long Blades
  5204 | D:6      | Reached **** piety under Trog
  5632 | D:6      | Reached skill level 9 in Long Blades
  5818 | D:7      | Reached XP level 9. HP: 40/63 MP: 9/9
  6048 | D:7      | HP: 1/85 [wight (4)]
  6048 | D:7      | Slain by a wight

Illustrated notes

Levels and vault maps discovered:
D:1:      dpeg_arrival_circle_labyrinth_c, layout_basic
D:2:      layout_basic, grunt_decor_mini_mirrors
D:3:      layout_rooms, mainiacjoe_overflow_catch_the_wave,
          kennysheep_generic_room_5
D:4:      layout_loops_ring, nicolae_hepliaklqana_hippocampus,
          gammafunk_ghost_cemetery
D:5:      layout_loops_ring, fedhas_altar_1, uniq_blork_the_orc
D:6:      layout_basic, minmay_diced_spiral
D:7:      layout_basic, zin_angel, minmay_temple_entry_statues_fountains

Skill      XL: |  1  2  3  4  5  6  7  8 |
---------------+-------------------------+-----
Long Blades    | 3 4 5 6 7 9 |  9.6
Dodging        | 2 3 4 5 6 |  6.6
Fighting       | |  3.0
Armour         | |  1.7

Action                   |  1- 3 |  4- 6 |  7- 9 || total
-------------------------+-------+-------+-------++-------
Melee: Falchion          |   113 |   168 |   227 ||   508
Invok: Berserk           |     2 |     2 |     7 ||    11
  Use: Scroll            |       |     6 |     2 ||     8
 Stab: Sleeping          |     2 |       |       ||     2
Armor: Animal skin       |    18 |       |       ||    18
       Scale mail        |     9 |    59 |    44 ||   112
Dodge: Dodged            |    76 |   129 |   135 ||   340
       Rpst.: Falchion   |    30 |    33 |    43 ||   106
